 Dungeon Crawl Stone Soup version 0.18-a0-1572-g0a86841 (webtiles) character file.

182933 M4edhros the Impaler (level 18, -5/125 HPs)
             Began as an Octopode Chaos Knight on Mar 15, 2016.
             Was an Initiate of Gozag.
             Slain by a mace of crushing (17 damage)
             ... on level 2 of the Elven Halls on Mar 16, 2016.
             The game lasted 01:54:42 (77535 turns).

M4edhros the Impaler (Octopode Chaos Knight)       Turns: 77535, Time: 01:54:43

Health: -5/125     AC:  7    Str: 21    XL:     18   Next: 35%
Magic:  36/38      EV: 30    Int: 29    God:    Gozag
Gold:   2956       SH:  0    Dex: 19    Spells: 8 memorised, 2 levels left

rFire  + + +     SeeInvis +     H - +6 glaive (chop)
rCold  + + .     Gourm    .     (shield currently unavailable)
rNeg   + . .     Faith    .     p - +3 hat of Pondering {ponderous, MR+ MP+10 Int+5}
rPois  +         Spirit   .     C - amulet of the Four Winds {rN+ MR+++ Clar}
rElec  .         Dismiss  .     F - +3 ring of strength
rCorr  +         Reflect  .     k - ring of resist corrosion
SustAt .         Harm     .     Z - +3 ring of intelligence
MR     +++++     Clarity  +     w - +5 ring of strength
Stlth  ++++++++..               m - +4 ring of intelligence
                                N - +1 ring of protection
                                Q - ring "Ofoq" {rPois rF++ rC- Str+2 SInv}
                                r - ring of stealth

@: about to teleport, gold aura, drained, slow, almost entirely resistant to
hostile enchantments, extraordinarily stealthy
A: almost no armour, amphibious, 8 rings, constrict 8, antennae 2, tentacle
spike 2, repulsion field 2, camouflage 1, blink, clever 1, cold resistance 3,
fire resistance 2, high mp 1, sense surroundings 2, poison resistance,
regeneration 1, robust 1, shaggy fur 2, wild magic 1, gelatinous body 1
a: Blink, Potion Petition, Call Merchant, Bribe Branch, Renounce Religion


You were on level 2 of the Elven Halls.
You worshipped Gozag.
Gozag was noncommittal.
You were very hungry.

You visited 5 branches of the dungeon, and saw 28 of its levels.
You also visited: Labyrinth and Volcano.

You collected 10228 gold pieces.
You spent 1013 gold pieces at shops.
You paid 6259 gold pieces to Gozag.

Inventory:

Hand Weapons
 h - a +3 halberd of holy wrath
 A - a +0 blowgun
 H - a +6 glaive of chopping (weapon)
Missiles
 c - 547 stones (quivered)
 d - 5 curare-tipped needles
 B - 81 poisoned needles
Armour
 p - the +3 hat of Pondering (worn) {ponderous, MR+ MP+10 Int+5}
   (You found it on level 3 of the Elven Halls)

   It affects your intelligence (+5).
   It affects your resistance to hostile enchantments.
   It affects your magic capacity (+10).
Rods
 n - a +1 rod of ignition (10/10)
   (You found it on level 2 of the Elven Halls)
 K - a +0 rod of shadows (13/13)
   (You took it off a deep elf archer on level 3 of the Elven Halls)
Jewellery
 j - an uncursed amulet of rage
 k - a ring of resist corrosion (right tentacle)
 m - a +4 ring of intelligence (on tentacle)
 r - a ring of stealth (on tentacle)
 w - a +5 ring of strength (on tentacle)
 C - the amulet of the Four Winds (around mantle) {rN+ MR+++ Clar}
   (You bought it in a shop on level 2 of the Orcish Mines)

   [amulet of nothing]

   It protects you from negative energy.
   It affects your resistance to hostile enchantments.
   It protects you against confusion.
 F - a +3 ring of strength (left tentacle)
 N - a +1 ring of protection (on tentacle)
 Q - the ring "Ofoq" (on tentacle) {rPois rF++ rC- Str+2 SInv}
   (You found it in a labyrinth)

   [ring of see invisible]

   It affects your strength (+2).
   It greatly protects you from fire.
   It makes you vulnerable to cold.
   It protects you from poison.
   It lets you see invisible.
 Z - a +3 ring of intelligence (on tentacle)
Wands
 f - a wand of disintegration (9/24)
 o - a wand of teleportation (1/9)
 q - a wand of disintegration (6/24)
 t - a wand of digging (14/24)
 u - a wand of lightning (7/15)
 y - a wand of heal wounds (3/9)
 z - a wand of disintegration (13/24)
 O - a wand of digging (8/24)
 P - a wand of lightning (9/15)
 R - a wand of digging (12/24)
 W - a wand of hasting (4/9)
 Y - a wand of hasting (1/9)
Scrolls
 e - 4 scrolls of magic mapping
 i - 3 scrolls of recharging
 l - 4 scrolls of identify
 x - 3 scrolls of teleportation
 E - a scroll of remove curse
 X - a scroll of amnesia
Potions
 D - a potion of might
 J - 3 potions of ambrosia
 L - 3 potions of cancellation
 S - 2 potions of resistance
 T - a potion of berserk rage
Miscellaneous
 a - a phantom mirror
 b - a phial of floods
 g - a stone of tremors
 s - a lantern of shadows
 I - a fan of gales
Comestibles
 G - a beef jerky
 M - 4 meat rations
 V - 5 bread rations


   Skills:
 + Level 7.1(6.4) Fighting
 * Level 19.0(18.2) Polearms
 * Level 18.4(17.5) Dodging
 - Level 13.6(12.8) Stealth
 - Level 5.2(4.6) Spellcasting
 - Level 7.6(6.9) Hexes
 - Level 8.0(7.3) Charms
 - Level 2.0(1.4) Necromancy
 - Level 3.3(2.7) Ice Magic
 - Level 2.2(1.7) Evocations


You had 2 spell levels left.
You knew the following spells:

 Your Spells              Type           Power        Failure   Level  Hunger
a - Spectral Weapon       Hex/Chrm       ######..     4%          3    #......
b - Regeneration          Chrm/Necr      #####.....   9%          3    #......
c - Cause Fear            Hex            ######....   11%         4    ###....
d - Ozocubu's Armour      Chrm/Ice       ######..     7%          3    #......
e - Repel Missiles        Chrm/Air       #####.       7%          2    None
f - Swiftness             Chrm/Air       #####...     7%          2    None
g - Shroud of Golubria    Chrm/Tloc      #####.....   7%          2    None
h - Darkness              Hex            ######....   77%         6    ######.


Dungeon Overview and Level Annotations

Branches:
Dungeon (14/15)            Temple (1/1) D:6            Lair (8/8) D:8
 Shoals (0/4) Lair:3        Snake (0/4) Lair:6        Slime (0/6) Lair:7
    Orc (2/2) D:10            Elf (3/3) Orc:2
 Vaults: D:13-14

Altars:
Ashenzari
Cheibriados
Dithmenos
Elyvilon
Fedhas
Gozag
Kikubaaqudgha
Makhleb
Nemelex Xobeh
Okawaru
Pakellas
Qazlal
Ru
Sif Muna
Trog
Vehumet
Xom
Yredelemnul
Zin
The Shining One
Jiyva

Shops:
D:9 [   D:10 }   D:13 }   Orc:2 [**:=   Elf:3 %   Lair:2 ==(!(

Annotations:
D:5 Crazy Yiuf, Sigmund
D:11 Nergalle
D:14 Louise
Lair:4 exclusion: oklob plant


Innate Abilities, Weirdness & Mutations

You cannot wear most types of armour.
You are amphibious.
You can wear up to eight rings at the same time.
You can use your tentacles to constrict eight enemies at once.
Your skin changes colour to match your surroundings (Stealth).
Your rubbery body absorbs attacks (AC +1).
You have a pair of antennae on your head.
One of your tentacles bears a nasty spike.
You are surrounded by a moderate repulsion field (EV +3).
You can translocate small distances at will.
Your mind is acute. (Int +2)
Your flesh is almost immune to the effects of cold.
Your flesh is very heat resistant.
You have an increased reservoir of magic (+10% MP).
You passively map the area around you.
Your system is resistant to poisons.
Your natural rate of healing is unusually fast.
You are robust (+10% HP).
You are covered in thick fur (AC +2).
Your spells are a little harder to cast, but a little more powerful.


Message History

The dire flail of draining closely misses you.
The halberd of flaming hits you from afar!!
The halberd of flaming burns you.
The deep elf mage casts a spell.
The deep elf mage closely misses your spectral weapon.
Unknown command.
The deep elf knight gestures wildly while chanting.
The deep elf knight flickers and vanishes for a moment.
The deep elf mage mumbles some strange words.
The deep elf mage blinks!
The earth elemental is distracted by the nearby gold.
The mace of protection hits your spectral weapon but does no damage.
The dire flail of draining hits you!!
* * * LOW HITPOINT WARNING * * *
You partially resist.
You feel drained.
* * * LOW HITPOINT WARNING * * *
The mace of crushing hits you!
You die...
Xom is highly amused!
Your body crumbles into a pile of gold.

....#* #.. #.#...#.#... *
.....##*##..# ##.#..###..# ,
.......##...###...#..#..#.
..e...e......##......#....
....§.4.......#.##...#...#
,,......(.e....##..#########
, ...E..e((...###.##...#...#
,,
,....§(e*((..###......#....
, ,
,........(@...##...#..#..#.
,....E.........##.#..###..#
, .............##.#...#.#...
, ,
.......#....####.#.......#
......###...## ####'''''## *
.....# ##...###..........
*,,, ....
##.....#........... *, , ..
,.#.................. ,
,,.....................


You could see an orange demon, a deep elf knight (invisible), 2 earth
elementals, 4 deep elf magi, 6 dancing weapons, a battlesphere and a friendly
spectral glaive of chopping.

Vanquished Creatures
  Saint Roka (Orc:2)
  Rupert (Orc:2)
  Asterion (Elf:1)
  2 deep elf master archers (Elf:3)
  2 deep elf blademasters (Elf:3)
  Donald (Elf:1)
  5 deep elf sorcerers (Elf:3)
  4 deep elf elementalists
  Nessos (Orc:1)
  7 deep elf demonologists
  4 deep elf annihilators (Elf:3)
  Josephine (Orc:2)
  8 deep elf death magi
  A minotaur (Lab)
  The ghost of kak the Fighter, a journeyman DsBe of Trog (Lair:4)
  4 deep elf high priests
  5 hydras
  Fannar (D:12)
  Harold (D:10)
  A catoblepas (Lair:8)
  A centaur warrior (Orc:2)
  A queen ant (Lair:8)
  A deep troll shaman (Lair:8)
  An orc high priest (Elf:1)
  14 death yaks
  20 deep elf knights
  3 sea snakes (Lair:3)
  3 unseen horrors
  2 hill giants
  A statue (Volcano)
  3 orc knights (Orc:2)
  23 deep elf archers
  51 deep elf magi
  3 orc sorcerers
  An oklob plant (D:8)
  A cyclops (D:12)
  2 ugly things
  4 griffons
  A manticore (Lair:3)
  Joseph (D:7)
  2 elephants (Lair:8)
  Maurice (D:13)
  10 spiny frogs
  3 black mambas
  4 gargoyles (Lab)
  A kobold demonologist (D:11)
  6 komodo dragons
  A yaktaur (Lair:1)
  An efreet (Volcano)
  A tengu conjurer (D:6)
  2 red devils (Volcano)
  3 trolls
  A troll (shapeshifter) (D:13)
  3 minotaur zombies (Lab)
  A polar bear (Lair:8)
  A merfolk (D:13)
  A two-headed ogre (D:13)
  Grinder (D:6)
  32 blink frogs
  4 air elementals
  A shadow (D:11)
  2 wyverns
  2 spriggans
  2 vampires
  5 wraiths (Orc:2)
  55 yaks
  9 fire bats
  A basilisk (Lair:8)
  A yak (shapeshifter) (D:13)
  Eustachio (D:6)
  5 water elementals
  5 hippogriffs
  5 fire elementals (Elf:3)
  11 hungry ghosts
  3 vampire mosquitoes (D:12)
  4 wargs
  A mottled dragon (D:13)
  A hell hound (Volcano)
  6 soldier ants (Lair:8)
  19 water moccasins
  9 porcupines
  36 orc warriors
  3 ice beasts
  2 sky beasts
  4 phantoms
  A wasp (D:8)
  6 black bears
  11 ogres
  A necrophage (D:13)
  23 centaurs
  18 crocodiles
  19 wolves
  A big kobold (Lair:1)
  15 giant frogs
  5 earth elementals
  6 jellies
  4 scorpions
  12 killer bees
  An oklob sapling (D:8)
  10 wights
  3 howler monkeys
  4 electric eels
  A centaur zombie (D:6)
  2 lava snakes (Volcano)
  6 crimson imps
  A giant frog zombie (D:12)
  A quasit (D:8)
  18 orc priests
  2 centaur skeletons
  11 hounds
  4 giant frog skeletons
  12 iguanas
  20 orc wizards
  23 worker ants
  20 sheep
  3 hound skeletons
  A howler monkey zombie (D:5)
  10 gnolls
  75 river rats
  10 adders
  3 shadow imps
  An ooze (D:2)
  2 adder zombies
  2 adder skeletons (D:9)
  3 worms
  7 dart slugs
  6 giant geckos
  99 orcs
  7 ball pythons
  4 bats
  10 giant cockroaches
  7 goblins
  9 hobgoblins
  10 jackals
  6 quokkas
  3 giant newts
  6 kobolds
  A quokka skeleton (D:6)
  7 rats
  A fungus (D:9)
  3 plants
1018 creatures vanquished.

Vanquished Creatures (collateral kills)
  A death yak (Lair:4)
  A hill giant (D:10)
  A two-headed ogre (D:10)
  2 trolls
  5 yaks
  The ghost of M4edhros the Poker, an amateur OpCK of Xom (D:4)
  A black bear (D:9)
  2 ogres
  A gnoll shaman (D:6)
  4 gnolls (D:6)
  A shadow imp (D:7)
  2 orcs (D:9)
  3 jackals (D:9)
25 creatures vanquished.

Vanquished Creatures (others)
  22 dancing weapons
  A centaur warrior (Orc:2)
  A centaur zombie (D:12)
  A hippogriff (Lair:3)
  An orc (Elf:1)
  A jackal (D:1)
  A ball python (D:8)
  A bush (Lair:5)
  20 fungi
  10 plants
  22 spectral weapons
81 creatures vanquished.

Grand Total: 1124 creatures vanquished

Notes
Turn   | Place    | Note
--------------------------------------------------------------
     0 | D:1      | M4edhros the Octopode Chaos Knight began the quest for the Orb.
     0 | D:1      | Reached XP level 1. HP: 16/16 MP: 1/1
    77 | D:1      | Reached XP level 2. HP: 11/21 MP: 2/2
   290 | D:1      | XOM: silly message
   502 | D:1      | Reached skill level 4 in Polearms
   536 | D:1      | Reached XP level 3. HP: 22/26 MP: 3/3
   808 | D:2      | Found a blossoming altar of Fedhas.
   822 | D:2      | XOM: harmless Conj miscast
   934 | D:2      | Found a blossoming altar of Fedhas.
  1354 | D:2      | Reached XP level 4. HP: 27/31 MP: 4/4
  1568 | D:3      | XOM is BORED!
  1568 | D:3      | XOM: mild Pois miscast
  1616 | D:3      | Reached skill level 5 in Polearms
  1801 | D:3      | XOM: scenery: 1 doors close
  1951 | D:3      | XOM: cast spell 'Summon Butterflies'
  2047 | D:3      | XOM: cast spell 'Statue Form'
  2345 | D:3      | XOM: colour smoke trail
  2495 | D:4      | Noticed a giant frog
  2504 | D:4      | Killed a giant frog
  2504 | D:4      | Reached skill level 6 in Polearms
  2504 | D:4      | Reached XP level 5. HP: 9/36 MP: 5/5
  2514 | D:4      | XOM: cast spell 'Ice Form'
  2811 | D:4      | Found a shadowy altar of Dithmenos.
  2848 | D:4      | Noticed M4edhros's ghost (amateur OpCK)
  2897 | D:4      | XOM: confuse monster(s)
  2909 | D:4      | XOM: divination: detect creatures
  2958 | D:4      | XOM: cast spell 'Summon Horrible Things'
  2961 | D:4      | Killed M4edhros's ghost
  2961 | D:4      | Reached XP level 6. HP: 42/42 MP: 6/6
  3008 | D:4      | XOM: harmless Erth miscast
  3056 | D:4      | Reached skill level 7 in Polearms
  3312 | D:4      | XOM: divination: detect creatures
  3397 | D:5      | Entered Level 5 of the Dungeon
  3544 | D:5      | XOM: mild Conj miscast
  3547 | D:5      | Reached XP level 7. HP: 19/46 MP: 7/7
  3560 | D:5      | Reached skill level 8 in Polearms
  3793 | D:5      | Found an oddly glowing altar of Pakellas.
  3797 | D:5      | XOM: give mutations
  3797 | D:5      | Gained mutation: Your system is resistant to poisons. [Xom's grace]
  3797 | D:5      | Gained mutation: You evolve. [Xom's grace]
  3797 | D:5      | Gained mutation: Your flesh is cold resistant. [Xom's grace]
  3979 | D:5      | XOM: cast spell 'Disjunction'
  3983 | D:5      | XOM: divination: detect creatures
  4022 | D:5      | XOM: divination: detect creatures
  4035 | D:5      | XOM: summons friendly shadow imp
  4043 | D:5      | Reached skill level 9 in Polearms
  4142 | D:5      | Reached XP level 8. HP: 35/52 MP: 8/8
  4196 | D:5      | Noticed Crazy Yiuf
  4198 | D:5      | Noticed Sigmund
  4204 | D:5      | XOM: enchant monster (good)
  4362 | D:6      | XOM: divination: detect creatures
  4374 | D:6      | XOM: vitrification
  4380 | D:6      | Noticed Grinder
  4415 | D:6      | Killed Grinder
  4415 | D:6      | Reached skill level 10 in Polearms
  4481 | D:6      | XOM: god gift: glass ring {god gift}
  4491 | D:6      | XOM: god gift: tourmaline ring {god gift}
  4595 | D:6      | Noticed Eustachio
  4602 | D:6      | XOM: give mutations
  4602 | D:6      | Gained mutation: Your muscles are strong. (Str +2) [Xom's grace]
  4602 | D:6      | Gained mutation: One of your tentacles bears a spike. [Xom's grace]
  4602 | D:6      | Gained mutation: Your spells are a little harder to cast, but a little more powerful. [Xom's grace]
  4602 | D:6      | Gained mutation: Your spells are harder to cast, but more powerful. [Xom's grace]
  4603 | D:6      | XOM: summons 8 friendly demons
  4607 | D:6      | Killed Eustachio
  4645 | D:6      | Found an iron altar of Okawaru.
  4645 | D:6      | Found a bloodstained altar of Trog.
  4719 | D:6      | Found a shimmering altar of Xom.
  4821 | D:6      | XOM: god gift: runed glaive {god gift}
  4842 | D:6      | XOM: confuse monster(s)
  4893 | D:6      | XOM: give mutations
  4893 | D:6      | Gained mutation: You are robust (+10% HP). [Xom's grace]
  4893 | D:6      | Gained mutation: You have a pair of small antennae on your head. [Xom's grace]
  4893 | D:6      | Gained mutation: Your mind is acute. (Int +2) [Xom's grace]
  4948 | D:6      | Reached skill level 11 in Polearms
  5108 | D:6      | XOM: divination: magic mapping
  5113 | D:6      | Reached XP level 9. HP: 50/61 MP: 9/9
  5253 | D:6      | XOM: give mutations
  5253 | D:6      | Gained mutation: Your flesh is very cold resistant. [Xom's grace]
  5253 | D:6      | Lost mutation: You evolve. [Xom's grace]
  5253 | D:6      | Gained mutation: You are somewhat resistant to further mutation. [Xom's grace]
  5253 | D:6      | Gained mutation: You passively map a small area around you. [Xom's grace]
  5328 | D:6      | XOM: 7-stop teleportation journey
  5475 | D:6      | Found a staircase to the Ecumenical Temple.
  5481 | Temple   | Entered the Ecumenical Temple
  5747 | Temple   | XOM: divination: magic mapping
  6273 | Temple   | XOM: 1-stop teleportation journey
  6665 | Temple   | XOM: scenery: create altars
  6742 | Temple   | XOM: 5-stop teleportation journey
  6913 | Temple   | XOM: god gift: ruby potion
  7122 | Temple   | XOM: god gift: runed halberd {god gift}
  7174 | Temple   | XOM: god gift: bread ration
  7633 | Temple   | XOM: god gift: 20 stones
  7988 | Temple   | XOM: 1-stop teleportation journey
  8023 | Temple   | XOM: 10-stop teleportation journey
  8231 | Temple   | XOM is BORED!
  8231 | Temple   | XOM: mild Summ miscast
  8421 | Temple   | XOM: god gift: 11 royal jellies
  8581 | Temple   | XOM: 3-stop teleportation journey
  8858 | Temple   | XOM: god gift: long glowing staff {god gift}
  9056 | Temple   | XOM: god gift: 7 meat rations
  9354 | Temple   | XOM: cast spell 'Statue Form'
  9664 | Temple   | XOM: god gift: phantom mirror
  9680 | Temple   | XOM: 1-stop teleportation journey
  9750 | Temple   | XOM: 1-stop teleportation journey
  9762 | Temple   | XOM is BORED!
  9762 | Temple   | XOM: mild Air miscast
 10636 | Temple   | XOM: give mutations
 10636 | Temple   | Gained mutation: You are clumsy. (Dex -2) [Xom's mischief]
 10636 | Temple   | Lost mutation: You are somewhat resistant to further mutation. [Xom's mischief]
 10851 | Temple   | XOM: stat loss: -1 Str (13/13)
 10909 | Temple   | XOM: 1-stop teleportation journey
 11443 | Temple   | XOM: god gift: 11 arrows of frost
 11491 | Temple   | XOM: god gift: scroll labeled TIUTUU JUCIM
 11610 | Temple   | XOM is BORED!
 11610 | Temple   | XOM: give mutation
 11610 | Temple   | Lost mutation: One of your tentacles bears a spike. [Xom's mischief]
 11863 | Temple   | XOM: god gift: glowing cyan potion
 12280 | Temple   | XOM: divination: magic mapping
 13222 | Temple   | XOM is BORED!
 13222 | Temple   | XOM: give mutations
 13222 | Temple   | Lost mutation: You are clumsy. (Dex -2) [Xom's mischief]
 13222 | Temple   | Lost mutation: Your mind is acute. (Int +2) [Xom's mischief]
 13222 | Temple   | Gained mutation: You are dopey. (Int -2) [Xom's mischief]
 13322 | Temple   | XOM: god gift: 39 gold pieces
 13984 | Temple   | XOM: give mutations
 13984 | Temple   | Gained mutation: You can translocate small distances at will. [Xom's grace]
 13984 | Temple   | Gained mutation: You are resistant to hostile enchantments. [Xom's grace]
 13984 | Temple   | Gained mutation: One of your tentacles bears a spike. [Xom's grace]
 14290 | Temple   | XOM: give mutations
 14290 | Temple   | Gained mutation: You evolve. [Xom's grace]
 14290 | Temple   | Gained mutation: One of your tentacles bears a nasty spike. [Xom's grace]
 14290 | Temple   | Lost mutation: You evolve. [Xom's grace]
 14290 | Temple   | Gained mutation: You are somewhat resistant to further mutation. [Xom's grace]
 14290 | Temple   | Gained mutation: You are agile. (Dex +2) [Xom's grace]
 14341 | Temple   | XOM: god gift: 43 gold pieces
 14394 | Temple   | XOM: god gift: 24 stones
 14825 | Temple   | XOM: mild Ice miscast
 15592 | Temple   | XOM is BORED!
 15592 | Temple   | XOM: mild Trmt miscast
 15856 | D:7      | Noticed Joseph
 15864 | D:7      | XOM: confusion (+ monsters)
 15884 | D:7      | Killed Joseph
 15914 | D:7      | XOM: medium Erth miscast
 15965 | D:7      | XOM: harmless Air miscast
 16011 | D:7      | XOM: harmless Chrm miscast
 16014 | D:7      | XOM: divination: magic mapping
 16113 | D:7      | XOM: mild Necr miscast
 16148 | D:7      | XOM: mild Pois miscast
 16285 | D:7      | XOM: silly message
 16478 | D:7      | XOM: medium Fire miscast
 16771 | D:7      | XOM: butterfly on damage
 16844 | D:7      | XOM: god gift: 60 gold pieces
 17100 | D:7      | XOM: medium Conj miscast
 17249 | D:7      | Found a basalt altar of Yredelemnul.
 17285 | D:7      | Found a deep blue altar of Sif Muna.
 17311 | D:7      | XOM: mild Trmt miscast
 17392 | D:7      | Found a sparkling altar of Nemelex Xobeh.
 17412 | D:7      | Reached skill level 12 in Polearms
 17553 | D:7      | XOM: colour smoke trail
 17568 | D:7      | XOM: harmless Chrm miscast
 17644 | D:8      | XOM: divination: detect items
 17740 | D:8      | XOM: medium Fire miscast
 17764 | D:8      | Reached skill level 5 in Dodging
 17985 | D:8      | Learned a level 3 spell: Spectral Weapon
 17990 | D:8      | Found a staircase to the Lair.
 18144 | D:8      | Reached XP level 10. HP: 68/68 MP: 10/10
 18177 | D:8      | XOM: harmless Divn miscast
 18291 | D:8      | Found a blossoming altar of Fedhas.
 18321 | D:8      | Noticed an oklob plant
 18321 | D:8      | XOM: noise
 18333 | D:8      | Identified the Papyrus of Nature
 18397 | D:8      | XOM: confusion (+ monsters)
 18649 | D:7      | Reached skill level 13 in Polearms
 18658 | D:6      | XOM: god gift: potion of lignification
 19573 | Temple   | XOM: noise
 19866 | Temple   | XOM: 2-stop teleportation journey
 19889 | Temple   | XOM: god gift: potion of flight
 20048 | Temple   | XOM: cast spell 'Hydra Form'
 20066 | Temple   | XOM: medium Conj miscast
 20370 | Temple   | XOM: mild Summ miscast
 21620 | Temple   | XOM: mild Trmt miscast
 22550 | Temple   | XOM: divination: detect creatures
 22613 | Temple   | XOM: 2-stop teleportation journey
 22796 | Temple   | XOM: summons 5 hostile demons
 23370 | Temple   | XOM: god gift: coppery potion
 24278 | Temple   | XOM: god gift: 10 stones
 24447 | Temple   | XOM: 2-stop teleportation journey
 25129 | Temple   | XOM: give mutations
 25129 | Temple   | Gained mutation: You possess an exceptional clarity of mind. [Xom's grace]
 25129 | Temple   | Gained mutation: Your natural rate of healing is unusually fast. [Xom's grace]
 25129 | Temple   | Gained mutation: One of your tentacles bears a large vicious spike. [Xom's grace]
 25129 | Temple   | Gained mutation: Your flesh is heat resistant. [Xom's grace]
 25146 | Temple   | XOM: god gift: 6 curare-tipped needles
 25406 | Temple   | XOM is BORED!
 25406 | Temple   | XOM: give mutations
 25406 | Temple   | Lost mutation: You are dopey. (Int -2) [Xom's mischief]
 25406 | Temple   | Lost mutation: You are agile. (Dex +2) [Xom's mischief]
 25406 | Temple   | Lost mutation: You possess an exceptional clarity of mind. [Xom's mischief]
 25406 | Temple   | Lost mutation: Your system is resistant to poisons. [Xom's mischief]
 25639 | Temple   | XOM: 3-stop teleportation journey
 25701 | Temple   | XOM: summons 5 hostile demons
 25974 | Temple   | XOM: medium Necr miscast
 26355 | Temple   | XOM: 1-stop teleportation journey
 26942 | Temple   | XOM: give mutations
 26942 | Temple   | Gained mutation: You have a pair of antennae on your head. [Xom's grace]
 26942 | Temple   | Gained mutation: Your spells are much harder to cast, but much more powerful. [Xom's grace]
 27053 | Temple   | XOM: 2-stop teleportation journey
 27219 | Temple   | XOM: harmless Hex miscast
 27493 | Temple   | XOM: give mutations
 27493 | Temple   | Gained mutation: Your mind is acute. (Int +2) [Xom's grace]
 27493 | Temple   | Gained mutation: You are surrounded by a mild repulsion field (EV +2). [Xom's grace]
 27493 | Temple   | Gained mutation: You are surrounded by a moderate repulsion field (EV +3). [Xom's grace]
 27495 | Temple   | XOM: silly message
 27989 | Temple   | XOM: give mutations
 27989 | Temple   | Gained mutation: You are covered in fur (AC +1). [Xom's grace]
 27989 | Temple   | Gained mutation: Your flesh is very heat resistant. [Xom's grace]
 27989 | Temple   | Gained mutation: You are partially covered in icy blue scales (AC +1). [Xom's grace]
 28184 | Temple   | XOM: medium Erth miscast
 28384 | D:8      | Reached skill level 1 in Evocations
 28571 | D:9      | XOM: stat loss: -1 Str (13/13)
 28588 | D:9      | XOM: mild Hex miscast
 28749 | D:9      | Found Xiboi's Armour Emporium.
 28820 | D:9      | Found an opulent altar of Gozag.
 28877 | D:9      | XOM: confusion
 28883 | D:9      | XOM: summons 2 friendly demons
 28904 | D:9      | Reached skill level 1 in Hexes
 28983 | D:7      | XOM: swap monsters
 28995 | D:7      | XOM: summons friendly shadow imp
 29004 | D:7      | XOM: medium Air miscast
 29135 | D:9      | XOM: colour smoke trail
 29356 | D:9      | Reached skill level 1 in Charms
 29364 | D:9      | Lost mutation: Your mind is acute. (Int +2) [mutagenic meat]
 29414 | D:9      | XOM: noise
 29451 | D:10     | Entered Level 10 of the Dungeon
 29605 | D:10     | Noticed Harold
 29618 | D:10     | Killed Harold
 29644 | D:10     | Noticed a hill giant
 29686 | D:10     | XOM: noise
 29726 | D:10     | XOM: enchant monster (good)
 29740 | D:10     | XOM: swap monsters
 29745 | D:10     | XOM: destruction
 29747 | D:10     | XOM: cast spell 'Summon Mana Viper'
 29751 | D:10     | Killed a hill giant
 29751 | D:10     | Reached XP level 11. HP: 72/72 MP: 12/12
 30370 | Temple   | XOM: divination: detect creatures
 30680 | Temple   | XOM: give mutations
 30680 | Temple   | Gained mutation: Your muscles are very strong. (Str +4) [Xom's grace]
 30680 | Temple   | Gained mutation: Your mind is acute. (Int +2) [Xom's grace]
 30680 | Temple   | Gained mutation: Your flesh is almost immune to the effects of cold. [Xom's grace]
 30779 | Temple   | XOM: harmless Conj miscast
 31028 | Temple   | XOM: harmless Summ miscast
 31058 | Temple   | XOM: colour smoke trail
 31554 | Temple   | XOM: mild Tloc miscast
 31837 | D:7      | XOM: silly message
 32266 | D:10     | XOM: noise
 32316 | D:9      | XOM: colour smoke trail
 32317 | D:9      | XOM: medium Necr miscast
 33096 | Temple   | XOM: mild Conj miscast
 33400 | Temple   | XOM: silly message
 34291 | Temple   | XOM: 1-stop teleportation journey
 34471 | Temple   | XOM: harmless Pois miscast
 34705 | Temple   | XOM: silly message
 35322 | Temple   | XOM: colour smoke trail
 35370 | Temple   | XOM: divination: detect creatures
 35846 | Temple   | XOM: divination: detect items
 35915 | Temple   | XOM: mild Summ miscast
 35988 | Temple   | XOM: mild Trmt miscast
 36081 | Temple   | XOM: divination: detect items
 36468 | Temple   | XOM: colour smoke trail
 36965 | Temple   | XOM: harmless Divn miscast
 37381 | Temple   | XOM: harmless Erth miscast
 37511 | D:10     | Found a staircase to the Orcish Mines.
 37614 | D:10     | XOM is BORED!
 37614 | D:10     | XOM: medium Pois miscast
 37641 | D:10     | XOM: colour smoke trail
 37692 | D:10     | XOM: harmless Air miscast
 37741 | D:10     | Found Qoseam's Gadget Shop.
 37771 | D:10     | XOM: harmless Air miscast
 38133 | Temple   | XOM: god gift: 14 stones
 38156 | Temple   | XOM: 2-stop teleportation journey
 38526 | Temple   | XOM: 10-stop teleportation journey
 39014 | Temple   | XOM is BORED!
 39014 | Temple   | XOM: give mutations
 39014 | Temple   | Lost mutation: You are resistant to hostile enchantments. [Xom's mischief]
 39014 | Temple   | Lost mutation: Your muscles are very strong. (Str +4) [Xom's mischief]
 39114 | Temple   | XOM: colour smoke trail
 39194 | Temple   | XOM: silly message
 39478 | Temple   | XOM: 1-stop teleportation journey
 39712 | Temple   | XOM: medium Ice miscast
 39860 | Temple   | XOM: give mutation
 39860 | Temple   | Lost mutation: Your flesh is very heat resistant. [Xom's mischief]
 41091 | Temple   | XOM: divination: detect creatures
 41542 | Temple   | XOM: harmless Trmt miscast
 41703 | Temple   | XOM: harmless Necr miscast
 43523 | Temple   | XOM: 5-stop teleportation journey
 43890 | Temple   | XOM: mild Chrm miscast
 44863 | Temple   | XOM: noise
 44885 | Temple   | XOM: god gift: lantern of shadows
 44895 | Temple   | XOM: harmless Pois miscast
 45248 | Temple   | XOM: silly message
 45303 | Temple   | XOM: harmless Trmt miscast
 46537 | Temple   | XOM is BORED!
 46537 | Temple   | XOM: medium Necr miscast
 46992 | Temple   | XOM: 7-stop teleportation journey
 47609 | Temple   | XOM: cast spell 'Necromutation'
 48009 | Temple   | XOM: 4-stop teleportation journey
 48090 | Temple   | XOM: 1-stop teleportation journey
 48510 | Temple   | XOM: noise
 50167 | Temple   | XOM is BORED!
 50167 | Temple   | XOM: severe Fire miscast
 50519 | Temple   | XOM: 1-stop teleportation journey
 50816 | Temple   | XOM: 3-stop teleportation journey
 51030 | D:6      | XOM: give mutations
 51030 | D:6      | Gained mutation: Your muscles are very strong. (Str +4) [Xom's grace]
 51030 | D:6      | Gained mutation: Your flesh is very heat resistant. [Xom's grace]
 51030 | D:6      | Gained mutation: You have very sharp teeth. [Xom's grace]
 51030 | D:6      | Gained mutation: Your flesh is almost immune to the effects of heat. [Xom's grace]
 51160 | D:6      | XOM: give mutations
 51160 | D:6      | Gained mutation: You possess an exceptional clarity of mind. [Xom's grace]
 51160 | D:6      | Gained mutation: You are covered in thick fur (AC +2). [Xom's grace]
 51160 | D:6      | Lost mutation: You are somewhat resistant to further mutation. [Xom's grace]
 51160 | D:6      | Gained mutation: You evolve. [Xom's grace]
 51665 | D:6      | XOM: scenery: 1 doors close
 51670 | D:6      | XOM: 2-stop teleportation journey
 51849 | D:6      | Lost mutation: You evolve. [end of evolution]
 51879 | D:6      | XOM: god gift: scroll of teleportation
 51974 | D:6      | XOM: give mutations
 51974 | D:6      | Gained mutation: You are resistant to hostile enchantments. [Xom's grace]
 51974 | D:6      | Gained mutation: You passively map the area around you. [Xom's grace]
 51974 | D:6      | Gained mutation: Your system is resistant to poisons. [Xom's grace]
 52362 | D:6      | XOM: divination: detect creatures
 52501 | D:6      | XOM: god gift: thick runed staff {god gift}
 52996 | D:6      | XOM: colour smoke trail
 53246 | D:6      | XOM: harmless Hex miscast
 53756 | D:6      | XOM: divination: detect creatures
 53876 | D:6      | XOM: give mutations
 53876 | D:6      | Gained mutation: You are somewhat resistant to further mutation. [Xom's grace]
 53876 | D:6      | Gained mutation: You have an increased reservoir of magic (+10% MP). [Xom's grace]
 53876 | D:6      | Gained mutation: You are highly resistant to hostile enchantments. [Xom's grace]
 53876 | D:6      | Gained mutation: You are agile. (Dex +2) [Xom's grace]
 54261 | D:6      | XOM: divination: detect creatures
 54356 | D:6      | XOM: divination: detect creatures
 54650 | D:6      | Noticed a centaur warrior
 55354 | D:9      | XOM: medium Pois miscast
 55355 | D:9      | Fell from the grace of Xom
 55355 | D:9      | Became a worshipper of Gozag Ym Sagoz the Greedy
 56329 | D:11     | XOM: give mutation
 56329 | D:11     | Lost mutation: Your muscles are very strong. (Str +4) [Xom's mischief]
 56356 | D:11     | XOM: mild Necr miscast
 56376 | D:11     | Noticed Nergalle
 56379 | D:11     | XOM: mild Divn miscast
 56693 | D:12     | Noticed a deep elf mage
 56697 | D:12     | Noticed a green ugly thing
 56702 | D:12     | Killed a deep elf mage
 56713 | D:12     | Killed a green ugly thing
 56713 | D:12     | Reached skill level 10 in Dodging
 56838 | D:12     | Reached skill level 1 in Stealth
 56955 | D:12     | Noticed a cyclops
 56971 | D:12     | Killed a cyclops
 57028 | D:12     | Reached XP level 12. HP: 77/77 MP: 15/15
 57138 | D:12     | Reached skill level 5 in Hexes
 57147 | D:12     | Noticed Fannar
 57170 | D:12     | Killed Fannar
 57170 | D:12     | Reached skill level 14 in Polearms
 57170 | D:12     | Reached skill level 5 in Charms
 57270 | D:12     | XOM: noise
 57290 | D:12     | XOM: noise
 57362 | D:12     | XOM: give mutation
 57362 | D:12     | Lost mutation: You are agile. (Dex +2) [Xom's mischief]
 57511 | D:13     | Noticed a sun demon
 57650 | D:13     | Reached skill level 5 in Stealth
 57660 | D:13     | Noticed Maurice
 57679 | D:13     | Killed Maurice
 57717 | D:13     | Found Vuophutu's Gadget Shoppe.
 58396 | D:12     | XOM: summons 5 hostile demons
 58481 | D:12     | XOM: summons 3 hostile shadow creatures
 58817 | D:14     | Noticed Louise
 58844 | D:14     | Noticed a centaur warrior
 58987 | D:10     | Reached XP level 13. HP: 67/87 MP: 16/16
 59026 | D:10     | XOM: noise
 59244 | Lair:1   | Entered Level 1 of the Lair of Beasts
 59421 | Lair:1   | Reached skill level 5 in Fighting
 59533 | Lair:1   | Found a dark tunnel.
 59538 | Volcano  | Entered a volcano
 59558 | Volcano  | XOM: torment (41/87 hp)
 59687 | Volcano  | Found a burning altar of Makhleb.
 59907 | Volcano  | Identified the Disquisition on Conjuration and Ignition
 60043 | Lair:1   | XOM: mild Divn miscast
 60126 | Lair:1   | XOM: give mutation
 60126 | Lair:1   | Lost mutation: Your spells are much harder to cast, but much more powerful. [Xom's mischief]
 60720 | Lair:2   | XOM: fog
 61335 | Lair:2   | Learned a level 3 spell: Regeneration
 61946 | Lair:3   | Found a staircase to the Shoals.
 61955 | Lair:3   | Reached skill level 10 in Stealth
 62215 | Lair:3   | XOM: give mutations
 62215 | Lair:3   | Lost mutation: Your spells are harder to cast, but more powerful. [Xom's mischief]
 62215 | Lair:3   | Lost mutation: You are highly resistant to hostile enchantments. [Xom's mischief]
 62215 | Lair:3   | Lost mutation: One of your tentacles bears a large vicious spike. [Xom's mischief]
 62215 | Lair:3   | Lost mutation: You are somewhat resistant to further mutation. [Xom's mischief]
 62264 | Lair:3   | XOM: mild Trmt miscast
 62306 | Lair:3   | XOM: stat loss: -2 Dex (15/17)
 62457 | Lair:3   | XOM: draining
 62526 | Lair:3   | XOM: torment (52/91 hp)
 62655 | Lair:3   | XOM: give mutation
 62655 | Lair:3   | Lost mutation: You are partially covered in icy blue scales (AC +1). [Xom's mischief]
 62943 | Lair:4   | Noticed kak's ghost (journeyman DsBe)
 63477 | Lair:4   | Reached XP level 14. HP: 60/99 MP: 17/17
 63608 | Lair:4   | XOM: medium Air miscast
 63680 | Lair:4   | XOM: give mutations
 63680 | Lair:4   | Lost mutation: Your flesh is almost immune to the effects of heat. [Xom's mischief]
 63680 | Lair:4   | Lost mutation: You possess an exceptional clarity of mind. [Xom's mischief]
 64539 | Lair:3   | XOM: give mutations
 64539 | Lair:3   | Lost mutation: Your muscles are strong. (Str +2) [Xom's mischief]
 64539 | Lair:3   | Lost mutation: You are resistant to hostile enchantments. [Xom's mischief]
 64573 | Lair:3   | XOM: confusion (+ monsters)
 64995 | Lair:3   | XOM: severe Erth miscast
 65050 | Lair:3   | XOM: summons 7 hostile demons
 65073 | Lair:4   | XOM: summons 1 hostile demon
 65073 | Lair:4   | Was forgiven by Xom
 65699 | Lair:4   | Killed kak's ghost
 66175 | Lair:5   | Lost mutation: You have very sharp teeth. [potion of mutation]
 66833 | Lair:6   | HP: 7/148 [death yak (17)]
 66839 | Lair:6   | Reached skill level 1 in Necromancy
 66842 | Lair:6   | HP: 7/148 [death yak (8)]
 66893 | Lair:6   | Found a labyrinth entrance.
 66904 | Lab      | Entered a labyrinth
 67185 | Lab      | Got a bound amber ring
 67192 | Lab      | Learned a level 4 spell: Cause Fear
 67202 | Lab      | Identified the ring "Ofoq" {rPois rF++ rC- Str+2 SInv} (You found it in a labyrinth)
 67450 | Lair:6   | Found a staircase to the Snake Pit.
 67784 | Lair:6   | Reached skill level 1 in Spellcasting
 68402 | Lair:7   | Found a viscous altar of Jiyva.
 68402 | Lair:7   | Found a staircase to the Slime Pits.
 69032 | Lair:8   | Entered Level 8 of the Lair of Beasts
 69055 | Lair:8   | Reached XP level 15. HP: 86/105 MP: 18/21
 69162 | Lair:8   | Learned a level 3 spell: Ozocubu's Armour
 69194 | Lair:8   | Reached skill level 1 in Ice Magic
 69724 | Lair:8   | Reached skill level 15 in Polearms
 71231 | Orc:1    | Entered Level 1 of the Orcish Mines
 71470 | Orc:2    | Entered Level 2 of the Orcish Mines
 71470 | Orc:2    | Noticed Nessos
 71480 | Orc:2    | Reached skill level 5 in Spellcasting
 71607 | Orc:1    | Killed Nessos
 71899 | Orc:2    | Noticed Saint Roka
 72292 | Orc:2    | Killed Saint Roka
 72489 | Orc:2    | Noticed Josephine
 72494 | Orc:2    | Killed Josephine
 72595 | Orc:2    | Found a staircase to the Elven Halls.
 72743 | Orc:2    | Found Nirru's General Store.
 72743 | Orc:2    | Found Loham's General Store.
 72743 | Orc:2    | Found Zeutzaeb's Book Boutique.
 72749 | Orc:2    | Found Isialaat's Antique Armour Shoppe.
 72757 | Orc:2    | Noticed Rupert
 72769 | Orc:2    | Killed Rupert
 72769 | Orc:2    | Reached XP level 16. HP: 27/111 MP: 23/26
 72876 | Orc:2    | Bought a book of Air for 595 gold pieces
 72879 | Orc:2    | Learned a level 2 spell: Repel Missiles
 72882 | Orc:2    | Learned a level 2 spell: Swiftness
 73033 | Orc:2    | Bought the amulet of the Four Winds {rN+ MR+++ Clar} for 418 gold pieces
 73055 | Elf:1    | Entered Level 1 of the Elven Halls
 73063 | Elf:1    | Noticed Donald
 73070 | Elf:1    | Reached skill level 15 in Dodging
 73075 | Elf:1    | Killed Donald
 73083 | Elf:1    | Reached skill level 16 in Polearms
 73449 | Elf:1    | Noticed Asterion
 73468 | Elf:1    | Killed Asterion
 74185 | Elf:1    | Reached skill level 17 in Polearms
 74550 | Elf:2    | Reached XP level 17. HP: 104/117 MP: 16/27
 74563 | Elf:2    | Identified a +1 rod of ignition (10/10) (You found it on level 2 of the Elven Halls)
 74812 | Elf:2    | Found a huge runed gate.
 74812 | Elf:2    | Found a huge runed gate.
 74813 | Elf:2    | Found a huge runed gate.
 74814 | Elf:2    | Found a huge runed gate.
 74822 | Elf:2    | Found a huge runed gate.
 75159 | Elf:3    | Entered Level 3 of the Elven Halls
 75259 | Elf:3    | Found Veraffan's Food Boutique.
 76150 | Elf:3    | Noticed a deep elf blademaster
 76153 | Elf:3    | Noticed a deep elf blademaster
 76167 | Elf:3    | Killed a deep elf blademaster
 76169 | Elf:3    | Killed a deep elf blademaster
 76171 | Elf:3    | Killed a ghostly deep elf blademaster
 76171 | Elf:3    | Reached skill level 18 in Polearms
 76196 | Elf:3    | Noticed a deep elf master archer
 76203 | Elf:3    | Noticed a deep elf master archer
 76528 | Elf:3    | Noticed an Ice Fiend
 76529 | Elf:3    | Noticed a Hell Sentinel
 76529 | Elf:3    | Reached XP level 18. HP: 92/123 MP: 24/28
 76748 | Elf:3    | Got a vibrating diamond amulet
 76754 | Elf:3    | Identified the amulet "Zoupaunn" {Reflect rC+ MR+ Dex-2 SH+2} (You took it off a deep elf death mage on level 3 of the Elven Halls)
 76775 | Elf:3    | Killed a deep elf master archer
 76806 | Elf:3    | Killed a deep elf master archer
 76967 | Elf:3    | Learned a level 2 spell: Shroud of Golubria
 77010 | Elf:3    | Identified Doasme's Reference Book on Supportive Enchantment
 77034 | Elf:3    | Learned a level 6 spell: Darkness
 77331 | Elf:2    | Reached skill level 19 in Polearms
 77535 | Elf:2    | Slain by a mace of crushing

Vault maps used:
D:1:      minmay_arrival_three_doors, minmay_misc_feat_square
D:2:      lemuel_doored_altar, serial_park_tiny_pond, fedhas_altar_2
D:3:      first_bread, hex_large, st_stairs_6, minmay_crystal_water,
          hex_intersection
D:4:      overflow_temple_1_default
D:5:      johnstein_pakellas_dig, uniq_crazy_yiuf_cottage, uniq_sigmund
D:6:      kennysheep_mini, grunt_temple_overflow_bloody_war,
          minmay_temple_entry_fiery, kennysheep_generic_room_4, uniq_eustachio,
          uniq_grinder
D:7:      kennysheep_little_box, lemuel_crystal_altar, basic_altar,
          minivault_14, uniq_joseph
D:8:      lair_0_dummy, introduction_to_nature_2
D:9:      grunt_gozag_statues, serial_shops, nicolae_shop_statue_plus,
          minmay_gold_behind_fungi
D:10:     david_orc_1_choice, serial_shops, nicolae_shop_stone, uniq_harold
D:11:     serial_co_window_serial, co_window_paths_b, co_window_paths_a,
          co_window_corner_a, co_window_corner_a, co_window_of_opportunity_a,
          co_window_paths_b, co_window_unsneaky_path_a, co_window_broadway_c,
          co_window_unsneaky_path_a, co_window_corner_cb, co_window_cross_3,
          co_window_corner_ca, co_window_of_opportunity_c, glass_columns_b,
          glass_columns_a, glass_columns_a, glass_columns_a, glass_columns_a,
          uniq_nergalle
D:12:     uniq_fannar
D:13:     serial_shops, shop, hangedman_stone_soup, uniq_maurice
D:14:     kennysheep_big_flooded_room, grunt_vaults_entry_fortified,
          enter_trove_6, minmay_misc_feat_columns, grunt_decor_cap,
          kennysheep_generic_room_7, uniq_louise, uniq_agnes
Temple:   eino_temple_water_12
Lair:1:   nicolae_volcano_entry_s_turn, nicolae_quartered_pool_medium
Lair:2:   beast_lair_carwin_11
Lair:3:   minmay_shoals_entry_beasts, grunt_forest_large_clearing_hut,
          grunt_megastairs_3
Lair:5:   kennysheep_catoblepas_arena, infiniplex_staircase_pool
Lair:6:   dummy_snake_entry, lab_entry_generic
Lair:7:   dpeg_slime_entry_enclosed_altar, serial_bayou_shore_a
Lair:8:   grunt_lair_end_beastmaster, minmay_another_anthill
Orc:2:    st_orc_rangers, statue_in_the_mist_lemuel, uniq_nessos,
          uniq_josephine, uniq_sonja, uniq_saint_roka, uniq_rupert
Elf:1:    eino_elf_arrival_shootout, orc_legates, uniq_asterion, uniq_donald
Elf:2:    nicolae_elf_m_pinch, minivault_5, grunt_ministairs_3
Elf:3:    elf_hall, serial_shops, shop, st_stairs_14
Lab:      labyrinth_hidden_loot, nicolae_lab_blocks, nicolae_lab_garden,
          nicolae_lab_big_swirl
Volcano:  volcano_grotto

Skill      XL: |  1  2  3  4  5  6  7  8  9 10 11 12 13 14 15 16 17 18 |
---------------+-------------------------------------------------------+-----
Polearms       | 4 6 7 9 11 12 13 14 15 17 18 19 | 19.0
Dodging        | 6 8 10 11 12 13 14 16 17 18 | 18.4
Evocations     | 2 |  2.2
Hexes          | 2 4 6 7 |  7.6
Charms         | 2 4 6 7 8 |  8.0
Stealth        | 2 8 11 13 | 13.6
Fighting       | 4 6 7 |  7.1
Necromancy     | 2 |  2.0
Spellcasting   | 2 5 |  5.2
Ice Magic      | 3 |  3.3

Action                   |  1- 3 |  4- 6 |  7- 9 | 10-12 | 13-15 | 16-18 || total
-------------------------+-------+-------+-------+-------+-------+-------++-------
Melee: Spear             |    82 |   125 |   127 |       |       |       ||   334
       Glaive            |       |       |    32 |       |   683 |   569 ||  1284
       Halberd           |       |       |   105 |   805 |   645 |       ||  1555
 Fire: Blowgun           |       |       |       |       |     4 |       ||     4
Throw: Stone             |       |       |       |       |     1 |       ||     1
 Cast: Spectral Weapon   |       |       |       |       |    37 |    28 ||    65
       Regeneration      |       |       |       |       |    10 |    26 ||    36
       Ozocubu's Armour  |       |       |       |       |     7 |     8 ||    15
       Repel Missiles    |       |       |       |       |       |     3 ||     3
       Cause Fear        |       |       |       |       |       |     1 ||     1
Invok: Call Merchant     |       |       |       |       |     5 |     1 ||     6
       Potion Petition   |       |       |       |       |     1 |       ||     1
 Abil: Blink             |       |       |       |       |     1 |     1 ||     2
Evoke: Wand              |       |       |     2 |       |    18 |     6 ||    26
       Phial of floods   |       |       |       |       |     3 |       ||     3
       Stone of tremors  |       |       |       |       |     2 |       ||     2
  Use: Potion            |       |       |     4 |     5 |    26 |     3 ||    38
       Scroll            |       |       |    11 |    11 |    28 |    12 ||    62
 Stab: Sleeping          |     8 |     5 |     8 |    11 |    88 |    24 ||   144
       Paralysed         |       |     4 |     2 |     5 |     3 |       ||    14
       Confused          |       |     1 |     2 |     4 |     4 |       ||    11
       Petrified         |       |       |     1 |       |       |       ||     1
       Distracted        |       |       |     3 |     8 |    26 |    11 ||    48
       Petrifying        |       |       |     3 |     2 |       |       ||     5
       Invisible         |       |       |       |       |    10 |       ||    10
  Eat: Chunk             |     1 |     7 |    14 |    16 |       |       ||    38
       Royal jelly       |       |       |    12 |       |     4 |       ||    16
       Beef jerky        |       |       |     3 |       |     5 |     1 ||     9
       Pizza             |       |       |     2 |     4 |       |       ||     6
       Bread ration      |       |       |       |     7 |     4 |     2 ||    13
       Meat ration       |       |       |       |    15 |     3 |       ||    18
       Fruit             |       |       |       |     4 |     5 |    12 ||    21
